 Dungeon Crawl Stone Soup version 0.26-a0-753-g4680b4fa2e (webtiles) character file.

Game seed: 1608419375963369533

75870 Queen the Tortoise (level 15, -7/127 HPs)
             Began as a Demonspawn Abyssal Knight on Nov 7, 2020.
             Was the Champion of Lugonu.
             Killed from afar by a thorn hunter (13 damage)
             ... with a volley of thorns
             ... on level 2 of the Swamp.
             The game lasted 02:03:59 (32867 turns).

Queen the Tortoise (Demonspawn Abyssal Knight)     Turns: 32867, Time: 02:04:00

Health: -7/127     AC: 28    Str: 19    XL:     15   Next: 10%
Magic:  24/24      EV:  7    Int: 18    God:    Lugonu [******]
Gold:   1593       SH:  0    Dex: 12    Spells: 14/14 levels left

rFire    . . .     SeeInvis .   a - +4 flail (vorpal)
rCold    + + +     Faith    .   (no shield)
rNeg     . . .     Spirit   .   y - +4 plate armour {rC+}
rPois    .         Reflect  .   q - +1 hat
rElec    .         Harm     .   E - +0 cloak
rCorr    .         Rampage  .   V - +1 pair of gloves
MR       +....                  F - +0 pair of boots
Stlth    ..........             r - amulet of magic regeneration
HPRegen  0.31/turn              t - ring of protection from cold
MPRegen  0.44/turn              M - ring of protection from cold

@: very slow
A: horns 2, demonic guardian 2, spiny 2, big brain 2
a: Depart the Abyss, Bend Space, Banish, Corrupt, Enter the Abyss, Brand Weapon
With Distortion, Renounce Religion


You were on level 2 of the Swamp.
You worshipped Lugonu.
Lugonu was exalted by your worship.
You visited 4 branches of the dungeon, and saw 20 of its levels.
You visited the Abyss 1 time.
You also visited: Bailey.

You collected 3033 gold pieces.
You spent 1440 gold pieces at shops.

Inventory:

Hand Weapons
 a - a +4 vorpal flail (weapon)
 b - a +1 demon whip of flaming
 C - a +5 whip of draining
Missiles
 l - 79 boomerangs
 N - 32 poisoned darts (quivered)
 W - 5 boomerangs of dispersal
Armour
 q - a +1 hat (worn)
 y - a +4 plate armour of cold resistance (worn)
 E - a +0 cloak (worn)
 F - a +0 pair of boots (worn)
 V - a +1 pair of gloves (worn)
Jewellery
 h - an uncursed ring of fire
 i - an uncursed amulet of faith {unknown}
 r - an amulet of magic regeneration (around neck)
 t - a ring of protection from cold (left hand)
 M - a ring of protection from cold (right hand)
 P - a cursed amulet of inaccuracy {unknown}
 S - an uncursed amulet of reflection {unknown}
 Y - an uncursed ring of fire
Wands
 B - a wand of random effects (25)
 G - a wand of iceblast (23)
 I - a wand of paralysis (18)
 K - a wand of digging (8)
 O - a wand of enslavement (14)
 R - a wand of acid (15)
 T - a wand of flame (25)
Scrolls
 d - a scroll of blinking
 e - 4 scrolls of remove curse
 g - 5 scrolls of amnesia
 j - 4 scrolls of magic mapping
 u - 2 scrolls of fear
 A - 8 scrolls of teleportation
 H - 4 scrolls of torment {unknown}
 J - 2 scrolls of immolation {unknown}
 L - 4 scrolls of enchant armour {unknown}
 X - a scroll of identify {@r1}
Potions
 c - 5 potions of lignification
 f - 5 potions of magic
 k - 2 potions of berserk rage
 m - 4 potions of brilliance
 o - 2 potions of ambrosia
 p - 6 potions of flight
 s - 5 potions of heal wounds
 v - a potion of invisibility
 w - 2 potions of might {unknown}
 x - 7 potions of curing
 D - a potion of mutation {unknown}
 Q - a potion of cancellation {unknown}
 U - a potion of attraction {unknown}
 Z - 2 potions of resistance {unknown}


   Skills:
 + Level 14.4 Fighting
 + Level 13.5 Maces & Flails
 * Level 15.6 Armour
 - Level 1.3 Dodging
 - Level 13.0 Invocations


You had 14 spell levels left.
You didn't know any spells.
Your spell library contained the following spells:

 Spells                   Type           Power        Failure   Level
 Magic Dart               Conj           #...         95%         1
 Searing Ray              Conj           #.....       98%         2
 Dazzling Flash           Conj/Hex       #.....       100%        3
 Fulminant Prism          Conj/Hex       #.........   100%        4
 Iskenderun's Mystic Bla  Conj/Tloc      #.......     100%        4


Dungeon Overview and Level Annotations

Branches:
Dungeon (10/15)            Temple (0/1) D:5            Lair (6/6) D:10
  Swamp (2/4) Lair:4       Shoals (0/4) Lair:3        Slime (0/5) Lair:6
    Orc (2/2) D:10            Elf (0/3) Orc:2        Bailey (visited)
  Snake: Lair:2-4    Spider: Lair:2-4

Altars:
Cheibriados
Dithmenos
Hepliaklqana
Kikubaaqudgha
Makhleb
Okawaru
Sif Muna
Uskayaw
Wu Jian
Xom
Yredelemnul
The Shining One
Beogh

Shops:
D:4 (   Orc:2 ![(*

Annotations:
D:7 exclusion: downstairs
Lair:6 exclusion: 2 oklob plants


Innate Abilities, Weirdness & Mutations

You have a pair of horns on your head.
A demonic guardian rushes to your aid.
You are mostly covered in sharp spines.
You have an extremely huge brain. (Int +4)


Message History

The thorn hunter gestures.
The thorn hunter hits you but does no damage. x2
Your plate armour prevents you from hitting the thorn hunter.
You headbutt the thorn hunter!
The thorn hunter is almost destroyed.
The thorn hunter hits you!
* * * LOW HITPOINT WARNING * * *
The thorn hunter hits you but does no damage.
The thorn hunter fires a volley of thorns at you.
The volley of thorns hits you.
* * * LOW HITPOINT WARNING * * *
Space bends sharply around you!
You blink.
Splash!
You fall into the shallow water.
Moving in this stuff is going to be slow.
The thorn hunter gestures.
Thorny briars emerge from the ground!
The thorn hunter fires a volley of thorns at you.
The volley of thorns hits you!
You die...

≈≈≈≈.≈≈..♣.≈≈≈≈≈.♣♣≈...≈≈≈≈≈≈≈≈≈.
.≈≈≈f≈≈≈.♣....≈≈≈..♣♣..≈≈≈≈.≈≈≈≈.
♣.≈≈≈≈...≈.≈♣.≈≈.†..♣..≈≈≈.>.≈≈≈≈
♣♣.≈?≈♣♣...♣♣≈.........≈≈≈≈≈.≈≈≈.
♣♣≈♣♣♣♣≈≈≈f♣...♣♣♣♣...≈≈≈≈≈≈≈≈≈.
P...♣ ♣.§≈§≈≈≈≈.♣♣♣♣♣.≈≈≈≈≈≈≈≈..
....♣ ♣.≈≈≈≈≈≈≈≈≈♣♣♣≈...≈≈≈≈≈≈..
.♣♣♣♣ ♣..≈≈.≈≈≈≈.♣♣P≈...≈≈.≈...§
≈ ♣≈.≈≈.≈≈≈@.≈PP.≈≈..≈.....♣
♣♣....≈§≈..♣♣♣♣♣♣♣≈.....♣♣
♣....≈≈≈≈♣♣ ♣♣♣...≈.♣ ♣♣♣♣..≈≈♣♣
♣♣♣≈..≈ ♣♣♣≈♣♣ ♣♣.≈♣ ♣♣♣ ♣♣♣♣


You could see a thorn hunter.

Vanquished Creatures
  A thorn hunter (Swamp:2)
  A bunyip (Swamp:1)
  2 eleionomae
  Erolcha (D:9)
  A boulder beetle (Orc:1)
  5 hydras
  A catoblepas (Lair:5)
  7 death yaks
  3 alligators
  2 two-headed ogres (D:8)
  An orc high priest (Orc:2)
  2 goliath frogs
  A spriggan druid (Swamp:1)
  An unseen horror (D:10)
  2 bog bodies
  A swamp dragon (Lair:6)
  2 orc knights
  3 orc sorcerers (Orc:2)
  An ugly thing (D:8)
  8 black mambas
  3 cane toads
  An orange demon (D:10)
  5 rime drakes
  7 komodo dragons
  A red devil (D:10)
  2 tyrant leeches
  2 trolls
  8 polar bears (Lair:6)
  Grinder (D:5)
  20 blink frogs
  A raiju (Lair:6)
  4 dream sheep (Lair:4)
  2 wraiths (Orc:2)
  9 wyverns
  26 yaks
  3 basilisks (Lair:6)
  2 steam dragons (Lair:6)
  9 wargs
  3 swamp worms
  8 water moccasins
  14 hell hounds (Lair:6)
  An acid dragon (Lair:6)
  Duvessa (D:5)
  31 orc warriors
  3 swamp drakes
  A sky beast (D:10)
  3 phantoms
  11 black bears
  3 ice beasts
  42 wolves
  7 ogres
  6 centaurs
  A necrophage (D:8)
  3 lemures
  Blork the orc (D:4)
  13 bullfrogs
  A gnoll sergeant (D:10)
  3 scorpions
  5 killer bees
  5 wights (D:8)
  An electric eel (Lair:4)
  A howler monkey (D:8)
  6 hounds
  2 centaur zombies
  2 jellies
  16 orc priests
  21 orc wizards
  Crazy Yiuf (D:5)
  3 bullfrog skeletons
  An iguana (D:8)
  15 hell rats
  14 worker ants
  2 hound skeletons
  2 worker ant zombies
  Robin (D:4)
  5 gnolls
  A howler monkey skeleton (D:5)
  10 adders
  5 shadow imps
  5 white imps
  An ufetubus (D:10)
  An ooze (D:1)
  3 adder skeletons
  2 worms
  2 dart slugs
  4 leopard geckos
  98 orcs
  8 giant cockroaches
  14 goblins
  14 hobgoblins
  15 jackals
  2 quokkas (D:8)
  2 ball pythons
  12 bats
  3 frilled lizards
  26 kobolds
  8 rats
647 creatures vanquished.

Vanquished Creatures (collateral kills)
  A thorn hunter (Swamp:2)
  An orc warlord (Orc:1)
  An eleionoma (Swamp:2)
  A fire dragon (Lair:6)
  Josephine (Orc:2)
  3 hydras
  An anaconda (Lair:6)
  Erica (D:8)
  6 death yaks
  A spriggan (Swamp:1)
  A bog body (Swamp:1)
  Pikel (D:4)
  An orc sorcerer (Orc:1)
  A manticore (Lair:6)
  A torpor snail (Lair:6)
  4 orange demons (D:10)
  A cane toad (Lair:4)
  2 rime drakes (Lair:6)
  A red devil (D:10)
  A hornet (Swamp:1)
  A troll (Orc:2)
  3 polar bears (Lair:6)
  10 blink frogs
  2 dream sheep (Lair:4)
  2 wraiths (Orc:2)
  22 yaks
  3 wyverns
  2 steam dragons
  4 basilisks
  A water moccasin (D:10)
  3 orc warriors
  An ice beast (D:6)
  A black bear (Lair:6)
  10 wolves (Lair:6)
  An ogre (D:10)
  A lemure (D:4)
  Dowan (D:5)
  A hound (D:8)
  An orc priest (D:7)
  3 orc wizards
  An adder (D:8)
  An ooze (D:4)
  5 orcs
111 creatures vanquished.

Vanquished Creatures (others)
  A rime drake (Lair:6)
  An orc priest (Orc:2)
  An orc (Orc:1)
  2 briar patches (Swamp:2)
  25 fungi
  81 plants
111 creatures vanquished.

Grand Total: 869 creatures vanquished

Notes
Turn   | Place    | Note
-------+----------+-------------------------------------------
     0 | Abyss:1  | Queen the Demonspawn Abyssal Knight began the quest for the
                  | Orb.
     0 | Abyss:1  | Reached XP level 1. HP: 18/18 MP: 2/2
    82 | Abyss:1  | Found a corrupted altar of Lugonu.
    84 | Abyss:1  | Noticed a chaos spawn
    86 | D:1      | Escaped the Abyss
   243 | D:1      | Reached skill level 1 in Dodging
   337 | D:1      | Gained mutation: You are partially covered in sharp spines.
                  | [demonic ancestry]
   337 | D:1      | Reached XP level 2. HP: 22/24 MP: 3/3
   348 | D:1      | Reached * piety under Lugonu
   365 | D:1      | Reached skill level 2 in Armour
   916 | D:1      | Gained mutation: You have an unusually large brain. (Int
                  | +2) [demonic ancestry]
   916 | D:1      | Reached XP level 3. HP: 29/29 MP: 5/5
  1233 | D:2      | Found a shimmering altar of Xom.
  1578 | D:2      | Found a snail-covered altar of Cheibriados.
  1721 | D:3      | Gained mutation: You have a pair of small horns on your
                  | head. [demonic ancestry]
  1721 | D:3      | Reached XP level 4. HP: 37/37 MP: 6/6
  1738 | D:3      | Reached ** piety under Lugonu
  1979 | D:3      | Found an iron altar of Okawaru.
  1979 | D:3      | Found a basalt altar of Yredelemnul.
  1990 | D:3      | Found an ornate altar of the Wu Jian Council.
  2527 | D:3      | Reached XP level 5. HP: 27/42 MP: 7/7
  2978 | D:4      | Noticed a lemure
  2978 | D:4      | Noticed a lemure
  2984 | D:4      | Noticed a lemure
  2999 | D:3      | Killed a lemure
  3165 | D:4      | Noticed Robin
  3190 | D:4      | Killed Robin
  3242 | D:4      | Reached *** piety under Lugonu
  3312 | D:3      | Killed a lemure
  3552 | D:4      | Found a burning altar of Makhleb.
  3592 | D:4      | Gained mutation: A weak demonic guardian rushes to your
                  | aid. [demonic ancestry]
  3592 | D:4      | Reached XP level 6. HP: 39/49 MP: 9/9
  3714 | D:4      | Noticed Blork the orc
  3725 | D:4      | Killed Blork the orc
  3919 | D:4      | Found Hih Peape's Antique Weapon Boutique.
  3940 | D:4      | Noticed Pikel
  3971 | D:4      | Killed Pikel
  3971 | D:4      | Reached skill level 5 in Fighting
  3971 | D:4      | Reached skill level 3 in Armour
  3971 | D:4      | Gained mutation: You have an extremely huge brain. (Int +4)
                  | [demonic ancestry]
  3971 | D:4      | Reached XP level 7. HP: 24/56 MP: 10/10
  4191 | D:4      | Reached skill level 5 in Invocations
  4540 | D:4      | Found a shimmering blue altar of Sif Muna.
  4540 | D:4      | Found a hazy altar of Hepliaklqana.
  4609 | D:5      | Entered Level 5 of the Dungeon
  4748 | D:5      | Found a staircase to the Ecumenical Temple.
  4748 | D:5      | Noticed Duvessa
  4748 | D:5      | Noticed Dowan
  4761 | D:5      | Killed Dowan
  4792 | D:5      | Killed Duvessa
  4843 | D:5      | Found a runed translucent door.
  4844 | D:5      | Noticed Crazy Yiuf
  4927 | D:5      | Noticed Grinder
  4946 | D:5      | Killed Grinder
  4946 | D:5      | Reached skill level 5 in Maces & Flails
  4946 | D:5      | Gained mutation: You have a pair of horns on your head.
                  | [demonic ancestry]
  4946 | D:5      | Reached XP level 8. HP: 37/64 MP: 12/12
  5323 | D:5      | Reached skill level 4 in Armour
  5472 | D:5      | Found an ancient bone altar of Kikubaaqudgha.
  5621 | D:5      | Found a glowing golden altar of the Shining One.
  5752 | D:5      | Killed Crazy Yiuf
  6552 | D:6      | Reached **** piety under Lugonu
  7087 | D:7      | Reached XP level 9. HP: 35/72 MP: 14/14
  7930 | D:8      | Noticed a green ugly thing
  8471 | D:8      | Killed a cyan ugly thing
  8471 | D:8      | Reached skill level 5 in Armour
  8541 | D:8      | Noticed a two-headed ogre
  8559 | D:8      | Killed a two-headed ogre
  8840 | D:8      | Gained mutation: You are mostly covered in sharp spines.
                  | [demonic ancestry]
  8840 | D:8      | Reached XP level 10. HP: 82/82 MP: 16/16
  8878 | D:8      | Reached ***** piety under Lugonu
  9084 | D:8      | Noticed Erica
  9101 | D:8      | Noticed a two-headed ogre
  9135 | D:8      | Found a hide-covered altar of Uskayaw.
  9135 | D:8      | Noticed a +0 hand axe
  9135 | D:8      | Noticed a +0 hand axe
  9151 | D:8      | Killed a two-headed ogre
  9166 | D:8      | Killed Erica
  9680 | D:9      | Found a shadowy altar of Dithmenos.
  9890 | D:9      | Noticed Erolcha
  9964 | D:9      | Killed Erolcha
  9964 | D:9      | Reached skill level 6 in Armour
 10108 | D:9      | Reached skill level 10 in Fighting
 10770 | D:9      | Gained mutation: A demonic guardian rushes to your aid.
                  | [demonic ancestry]
 10770 | D:9      | Reached XP level 11. HP: 44/92 MP: 18/18
 11163 | D:10     | Entered Level 10 of the Dungeon
 11797 | D:10     | Found a staircase to the Orcish Mines.
 11803 | D:10     | Found a flagged portal.
 11811 | Bailey   | Entered a bailey
 11817 | Bailey   | Noticed an orc knight
 12099 | Bailey   | Killed an orc knight
 12544 | D:10     | Found a roughly hewn altar of Beogh.
 12755 | D:10     | Reached skill level 10 in Invocations
 12915 | D:10     | Found a staircase to the Lair.
 13000 | D:10     | Reached skill level 7 in Armour
 13360 | D:10     | Reached skill level 10 in Maces & Flails
 13369 | D:10     | Reached ****** piety under Lugonu
 13667 | D:10     | Killed an unseen horror
 13974 | Lair:1   | Entered Level 1 of the Lair of Beasts
 14105 | Lair:1   | Noticed a four-headed hydra
 14112 | Lair:1   | Killed a four-headed hydra
 14144 | Lair:1   | Noticed a seven-headed hydra
 14149 | Lair:1   | Killed a seven-headed hydra
 14467 | Lair:1   | Reached XP level 12. HP: 95/100 MP: 20/20
 15512 | Lair:2   | Reached skill level 8 in Armour
 16777 | Lair:3   | Found a staircase to the Shoals.
 17334 | Lair:4   | Noticed a death yak
 17335 | Lair:4   | Noticed a death yak
 17335 | Lair:4   | Noticed a four-headed hydra
 17335 | Lair:4   | Noticed a death yak
 17346 | Lair:4   | Killed a four-headed hydra
 17356 | Lair:4   | Noticed an eight-headed hydra
 17390 | Lair:4   | Killed a death yak
 17390 | Lair:4   | Killed a death yak
 17403 | Lair:4   | Killed a death yak
 18420 | Lair:4   | Killed an eight-headed hydra
 18420 | Lair:4   | Reached XP level 13. HP: 92/109 MP: 22/22
 18697 | Lair:4   | Reached skill level 9 in Armour
 18770 | Lair:4   | Found a staircase to the Swamp.
 20231 | Lair:6   | Entered Level 6 of the Lair of Beasts
 20422 | Lair:5   | Reached skill level 10 in Armour
 21123 | Lair:6   | Reached skill level 11 in Armour
 22240 | Lair:6   | Reached skill level 12 in Armour
 22922 | Lair:6   | Found a staircase to the Slime Pits.
 23021 | Lair:6   | Reached XP level 14. HP: 72/118 MP: 23/23
 23884 | Lair:6   | Reached skill level 13 in Armour
 25269 | Orc:1    | Entered Level 1 of the Orcish Mines
 25367 | Orc:2    | Entered Level 2 of the Orcish Mines
 26275 | Orc:1    | You fall into a shaft and drop 1 floor!
 26551 | Orc:2    | Reached skill level 14 in Armour
 26582 | Orc:2    | Found a roughly hewn altar of Beogh.
 26615 | Orc:2    | Found a roughly hewn altar of Beogh.
 26641 | Orc:2    | Found a staircase to the Elven Halls.
 27157 | Orc:2    | Found a roughly hewn altar of Beogh.
 27171 | Orc:2    | Found Hic Elus's Distillery.
 27291 | Orc:2    | Paralysed by an orc sorcerer for 3 turns
 28037 | Orc:1    | Paralysed by an orc sorcerer for 5 turns
 28256 | Orc:2    | Noticed an orc warlord
 28467 | Orc:1    | Killed an orc warlord
 28883 | Orc:2    | Noticed Josephine
 28887 | Orc:2    | Killed Josephine
 29150 | Orc:2    | Found a roughly hewn altar of Beogh.
 29150 | Orc:2    | Found Gacopor's Assorted Antiques.
 29518 | Orc:2    | Bought a glowing plate armour for 936 gold pieces
 29557 | Orc:2    | Found a roughly hewn altar of Beogh.
 29704 | Orc:2    | Found Xihuetz's Antique Armour Shoppe.
 29705 | Orc:2    | Found a roughly hewn altar of Beogh.
 29706 | Orc:2    | Found Gualuzi's Antique Weapon Emporium.
 29713 | Orc:2    | Bought a runed demon whip for 504 gold pieces
 30045 | Swamp:1  | Entered Level 1 of the Swamp
 30797 | Swamp:1  | Reached skill level 15 in Armour
 31817 | Swamp:2  | Noticed a thorn hunter
 31835 | Swamp:2  | Killed a thorn hunter
 32167 | Swamp:2  | Reached XP level 15. HP: 85/127 MP: 24/24
 32330 | Swamp:2  | Identified the cursed +0 chain mail of Udwoaggu {Rampage
                  | Regen+ Dex-2} (You found it on level 2 of the Swamp)
 32383 | Swamp:2  | Noticed a thorn hunter
 32408 | Swamp:2  | Killed a thorn hunter
 32833 | Swamp:2  | Noticed a thorn hunter
 32867 | Swamp:2  | Killed from afar by a thorn hunter

Illustrated notes

Levels and vault maps discovered:
D:1:      shiori_arrival_maze, layout_basic, chequers_serial_rivers_micro_e
D:2:      layout_basic, lemuel_round_altar, lemuel_round_altar
D:3:      layout_basic, gammafunk_temple_overflow_claw
D:4:      layout_basic, nicolae_overflow_hidden_temple,
          gammafunk_temple_overflow_pools, serial_shops, kennysheep_mini_moat,
          uniq_blork_the_orc, uniq_robin, uniq_pikel
D:5:      layout_rooms, tso_altar, kiku_gazebo_pond_becter,
          minmay_temple_entry_fiery, uniq_grinder, uniq_crazy_yiuf_cottage,
          uniq_duvessa
D:6:      layout_rooms, serial_glass, glass_columns_a, glass_columns_c
D:7:      layout_loops_corners
D:8:      layout_loops_ring, dancing_weapons_uskayaw, kennysheep_path_1,
          hangedman_decor_opposing, minmay_joined_circles, uniq_erica
D:9:      layout_grid_maze, nicolae_dithmenos_shadow_blocks, uniq_erolcha
D:10:     layout_irregular_city, minmay_lair_entry_grove,
          minmay_orc_entry_temple_small, enter_bailey_2, dk_vineyard_1,
          minmay_beelzebubs_servants
Lair:1:   layout_loops_ring
Lair:2:   layout_chaotic_city, wad_woods_river_04, st_stairs_7
Lair:3:   layout_cave_pods, minmay_shoals_entry_centaurs
Lair:4:   layout_gridlike, swamp_mist, serial_bayou_lake_a
Lair:5:   layout_regular_city
Lair:6:   hangedman_lair_caniforms_friends, layout_gridlike,
          guppyfry_lair_end_dragon, minmay_slime_entry_oklob_enclosed,
          special_room [special_room_mythical_zoo], grunt_forest_large_clearings
Swamp:1:  layout_basic_swamp, evilmike_swamp_ruin_rubble_1
Swamp:2:  layout_basic_swamp, evilmike_swamp_ruin_house_4,
          infiniplex_staircase_pool_2
Orc:1:    layout_diamond_mine, nicolae_orc_flooded_monolith, rock_pile
Orc:2:    grunt_orc_community_town_hall, layout_caves,
          grunt_orc_community_big_house_1, grunt_orc_community_big_house_1,
          grunt_orc_community_house_3, grunt_orc_community_house_3,
          grunt_orc_community_house_1, grunt_orc_community_house_3,
          grunt_orc_community_house_1, grunt_orc_community_house_3, basic_altar,
          uniq_josephine

Skill      XL: |  1  2  3  4  5  6  7  8  9 10 11 12 13 14 |
---------------+-------------------------------------------+-----
Dodging        | 1 |  1.3
Maces & Flails | 2 3 4 5 6 7 9 10 12 13 | 13.5
Armour         | 2 3 4 5 6 7 8 12 15 | 15.6
Invocations    | 3 4 5 6 8 9 10 12 13 | 13.0
Fighting       | 4 5 6 7 8 10 11 12 13 14 | 14.4

Action                   |  1- 3 |  4- 6 |  7- 9 | 10-12 | 13-15 || total
-------------------------+-------+-------+-------+-------+-------++-------
Melee: Mace              |    44 |       |       |       |       ||    44
       Whip              |    32 |   112 |   256 |   627 |   184 ||  1211
       Headbutt          |       |    18 |    45 |   117 |   212 ||   392
       Flail             |       |       |       |       |   809 ||   809
Throw: Dart              |    80 |    49 |    64 |    38 |       ||   231
       Throwing net      |       |     3 |     2 |       |       ||     5
       Boomerang         |       |       |    13 |    28 |       ||    41
Invok: Depart the Abyss  |     1 |       |       |       |       ||     1
       Bend Space        |       |       |     2 |    67 |    35 ||   104
       Banish            |       |       |       |       |     2 ||     2
Evoke: Wand              |       |       |     1 |       |       ||     1
  Use: Scroll            |     4 |     1 |     8 |     6 |     7 ||    26
       Potion            |       |       |       |     1 |     1 ||     2
 Stab: Sleeping          |     1 |       |       |       |       ||     1
       Distracted        |       |     1 |     2 |     2 |     2 ||     7
       Held in net/web   |       |       |     1 |       |       ||     1
Armor: Leather armour    |    34 |    13 |    23 |       |       ||    70
       Plate armour      |       |       |    46 |   333 |   740 ||  1119
       Skin              |       |       |       |    25 |       ||    25
Dodge: Dodged            |    40 |    38 |    61 |   137 |   295 ||   571

Table legend: (Time is in decaauts)
 A = Elapsed time spent in this place.
 B = Non-inter-level travel time spent in this place.
 C = Inter-level travel time spent in this place.
 D = Time resting spent in this place.
 E = Time spent auto-exploring this place.
 F = Levels seen in this place.
 G = Mean time per level.
                   A        B        C        D        E       F      G
               +--------+--------+--------+--------+--------+-----+--------+
         Total |  32489 |  30864 |   1625 |  13769 |  10697 |  22 | 1476.8 |
       Dungeon |  13228 |  12561 |    667 |   4484 |   5331 |  10 | 1322.8 |
          Lair |  11991 |  11198 |    793 |   5482 |   3726 |   6 | 1998.5 |
         Swamp |   2278 |   2262 |     16 |   1425 |    492 |   2 | 1139.0 |
  Orcish Mines |   4232 |   4084 |    148 |   2174 |   1068 |   2 | 2116.0 |
         Abyss |     86 |     86 |      0 |      0 |     78 |   1 |   86.0 |
        Bailey |    672 |    672 |      0 |    203 |      0 |   1 |  672.0 |
               +--------+--------+--------+--------+--------+-----+--------+

Top non-repeatable levels by time:
  Lair:6: 3001 daAuts
  Lair:5: 2876 daAuts
   Orc:1: 2806 daAuts
  Lair:4: 2280 daAuts
     D:9: 2270 daAuts
     D:7: 1582 daAuts
  Lair:3: 1552 daAuts
     D:3: 1470 daAuts
    D:10: 1432 daAuts
   Orc:2: 1425 daAuts
     D:8: 1368 daAuts
     D:5: 1292 daAuts
  Lair:2: 1284 daAuts
     D:4: 1260 daAuts
 Swamp:1: 1218 daAuts
